 Dungeon Crawl Stone Soup version 0.26.1-11-gd32895ea62 (webtiles) character file.

Game seed: 13445799052059633940

50627 Zeld the Geomancer (level 14, -5/84 HPs)
             Began as a Gargoyle Earth Elementalist on July 29, 2021.
             Was an Elder of Sif Muna.
             Slain by an anaconda (11 damage)
             ... on level 1 of the Snake Pit on Aug 2, 2021.
             The game lasted 01:25:31 (48393 turns).

Zeld the Geomancer (Gargoyle Earth Elementalist)   Turns: 48393, Time: 01:25:32

Health: -5/84      AC: 21    Str: 18    XL:     14   Next: 56%
Magic:  0/25       EV: 12    Int: 20    God:    Sif Muna [****..]
Gold:   1270       SH:  4    Dex: 10    Spells: 19/34 levels left

rFire    . . .     SeeInvis +   a - staff of earth
rCold    + . .     Faith    .   k - +0 buckler
rNeg     + . .     Spirit   .   N - +1 ring mail "Waujaqy" {rElec Str+5 SInv}
rPois    ∞         Reflect  .   u - +2 helmet
rElec    +         Harm     .   I - scarf {repulsion}
rCorr    .         Rampage  .   H - +0 pair of gloves
Will     +....                  g - +0 pair of boots
Stlth    +++.......             n - amulet of regeneration
HPRegen  0.64/turn              r - ring of protection from cold
MPRegen  0.19/turn              (no ring)

@: constricted, repel missiles
A: big wings, low mp 1, negative energy resistance 1, electricity resistance,
unbreathing, petrification resistance, miasma immunity, AC +10
a: Fly, Renounce Religion, Channel Magic, Forget Spell, Divine Exegesis


You were on level 1 of the Snake Pit.
You worshipped Sif Muna.
Sif Muna was greatly pleased with you.
You visited 4 branches of the dungeon, and saw 20 of its levels.
You also visited: Gauntlet and Volcano.

You collected 1270 gold pieces.

Inventory:

Hand Weapons
 b - a +5 dagger of electrocution
Missiles
 q - 305 stones (quivered)
Armour
 g - a +0 pair of boots (worn)
 k - a +0 buckler (worn)
 o - a scarf of invisibility
 u - a +2 helmet (worn)
 H - a +0 pair of gloves (worn)
 I - a scarf of repulsion (worn)
 K - the +1 cloak of Starlight {*Dazzle EV+4 Stlth--}
   (You found it in a Gauntlet)

   It affects your evasion (+4).
   It makes you much less stealthy.
 N - the +1 ring mail "Waujaqy" (worn) {rElec Str+5 SInv}
   (You found it on level 4 of the Lair of Beasts)

   It affects your strength (+5).
   It insulates you from electricity.
   It lets you see invisible.
Magical Staves
 a - an uncursed staff of earth (weapon)
Jewellery
 n - an amulet of regeneration (around neck)
 r - a ring of protection from cold (left hand)
Wands
 c - a wand of disintegration (17)
 v - a wand of paralysis (13)
 x - a wand of iceblast (19)
 y - a wand of polymorph (11)
 C - a wand of digging (11)
 F - a wand of flame (61)
 L - a wand of random effects (54)
 M - a wand of enslavement (12)
Scrolls
 d - 5 scrolls of teleportation
 i - 2 scrolls of magic mapping
 E - a scroll of fear
 J - a scroll of holy word
Potions
 e - a potion of ambrosia
 f - 7 potions of curing
 h - 4 potions of haste
 m - 5 potions of brilliance
 s - 5 potions of might
 t - a potion of heal wounds
 w - a potion of attraction {unknown}
 z - 2 potions of invisibility {unknown}
 A - a potion of cancellation {unknown}
 B - 3 potions of flight {unknown}
 D - 3 potions of resistance {unknown}
 G - 3 potions of berserk rage {unknown}
Miscellaneous
 j - a box of beasts


   Skills:
 + Level 8.9 Fighting
 * Level 10.0 Dodging
 + Level 10.1 Stealth
 - Level 4.0 Shields
 * Level 10.8 Spellcasting
 + Level 8.9 Conjurations
 - Level 1.0 Transmutations
 * Level 13.9 Earth Magic
 * Level 5.3 Invocations


You had 19 spell levels left.
You knew the following spells:

 Your Spells              Type           Power        Failure   Level
a - Sandblast             Erth           100%         1%          1
b - Passwall              Tmut/Erth      47%          1%          2
c - Stone Arrow           Conj/Erth      100%         1%          3
d - Petrify               Tmut/Erth      57%          5%          4
e - Lee's Rapid Deconstr  Erth           39%          1%          5

Your spell library contained the following spells:

 Spells                   Type           Power        Failure   Level
 Foxfire                  Conj/Fire      100%         1%          1
 Conjure Flame            Conj/Fire      28%          5%          3
 Dazzling Flash           Conj/Hex       56%          5%          3
 Leda's Liquefaction      Hex/Erth       27%          7%          4
 Sting                    Tmut/Pois      48%          10%         1
 Animate Skeleton         Necr           20%          12%         1
 Apportation              Tloc           20%          12%         1
 Corona                   Hex            11%          12%         1
 Pain                     Necr           40%          12%         1
 Summon Small Mammal      Summ           40%          12%         1
 Wereblood                Tmut           14%          12%         2
 Ensorcelled Hibernation  Hex/Ice        20%          17%         2
 Fulminant Prism          Conj/Hex       14%          19%         4
 Sticky Flame             Conj/Fire      28%          19%         4
 Confusing Touch          Hex            10%          34%         3
 Inner Flame              Hex/Fire       10%          34%         3
 Tukima's Dance           Hex            10%          34%         3
 Vampiric Draining        Necr           5%           34%         3
 Fireball                 Conj/Fire      14%          45%         5
 Ice Form                 Ice/Tmut       12%          67%         4
 Animate Dead             Necr           5%           75%         4
 Cause Fear               Hex            5%           75%         4
 Agony                    Necr           10%          97%         5
 Metabolic Englaciation   Hex/Ice        5%           97%         5
 Hydra Form               Tmut           7%           100%        6
 Statue Form              Tmut/Erth      Unusable     N/A         6

Dungeon Overview and Level Annotations

Branches:
Dungeon (14/15)            Temple (1/1) D:6            Lair (4/6) D:9
  Swamp (0/4) Lair:3        Snake (1/4) Lair:4          Orc (0/2) D:10
 Vaults (0/5) D:14        Volcano (visited)         Gauntlet (visited)

Altars:
Ashenzari
Cheibriados
Dithmenos
Elyvilon
Fedhas
Gozag
Hepliaklqana
Kikubaaqudgha
Makhleb
Nemelex Xobeh
Okawaru
Qazlal
Ru
Sif Muna
Trog
Uskayaw
Vehumet
Wu Jian
Xom
Yredelemnul
Zin
The Shining One

Shops:
D:4 *

Annotations:
D:6 2 transporters, Ekaitz's ghost, novice MfIE
D:8 2 transporters, exclusion: oklob plant, bnorton916's ghost, novice DECj
D:14 Louise


Innate Abilities, Weirdness & Mutations

You are resistant to torment.
Your stone body is resilient. (AC +10)
You are immune to poison.
Your large and strong wings let you fly indefinitely.
You resist negative energy. (rN+)
You are resistant to electric shocks. (rElec)
You can survive without breathing.
You are immune to petrification.
You are immune to miasma.
Your magical capacity is low. (-10% MP)


Message History

The anaconda closely misses you.
The anaconda bites you but does no damage.
The anaconda constricts you.
The mana viper bites you but does no damage. x2
The anaconda bites you but does no damage.
The black mamba bites you but does no damage.
The anaconda misses you.
The anaconda's grasp on you weakens, but your attempt to escape fails.
The anaconda closely misses you. The anaconda constricts you.
The anaconda bites you!
* * * LOW HITPOINT WARNING * * *
The mana viper bites you.
* * * LOW HITPOINT WARNING * * *
You feel your power leaking away. The black mamba closely misses you.
The anaconda barely misses you. The mana viper bites you!
* * * LOW HITPOINT WARNING * * *
You feel your power leaking away. The anaconda bites you!
You die...

###.... ..$...#
....#. $ .####
#.... #..
..........#....
......#..!...
......SNS.#
.....N.@S#
......SSS..#
...............
...............
#..............
...............
...............
##.............


You could see a salamander, 3 anacondas, a naga ritualist, 2 mana vipers and a
black mamba.

Vanquished Creatures
  Frances (D:12)
  Roxanne (D:14)
  The ghost of Sopht the Carver, a journeyman TeBe of Trog (Lair:4)
  The ghost of doggie the Covert, a journeyman GnWn of Cheibriados (D:11)
  2 boulder beetles (D:13)
  2 hydras
  A centaur warrior (D:13)
  2 dancing weapons (D:13)
  6 two-headed ogres
  An ogre mage (Lair:1)
  A bog body (Lair:3)
  2 unseen horrors
  Pikel (D:9)
  2 large abominations (Gauntlet)
  An oklob plant (Lair:4)
  6 ugly things
  A manticore (D:10)
  A black mamba (Lair:4)
  A torpor snail (Lair:3)
  Maggie (D:7)
  A gargoyle (D:14)
  5 cane toads
  2 rime drakes
  5 komodo dragons
  A kobold demonologist (D:9)
  An efreet (D:13)
  An ice devil (Gauntlet)
  2 meliai
  7 trolls
  The ghost of bronco the Ruffian, an amateur DrTm of Nemelex Xobeh (D:4)
  Grinder (D:6)
  A hornet (D:8)
  2 slime creatures (D:12)
  3 dream sheep (Lair:3)
  5 flying skulls (Gauntlet)
  Sigmund (D:3)
  3 basilisks
  39 yaks
  A vampire (D:13)
  2 wyverns
  A neqoxec (D:11)
  A steam dragon (D:12)
  3 swamp worms (Lair:3)
  An acid dragon (D:14)
  12 water moccasins
  2 ice beasts
  4 sky beasts
  3 small abominations (Gauntlet)
  A hornet zombie (D:9)
  4 phantoms
  A black bear (D:11)
  8 orc warriors
  5 ogres
  2 necrophages
  34 wolves
  9 centaurs
  Blork the orc (D:5)
  14 big kobolds (D:9)
  17 bullfrogs
  A wyvern zombie (D:7)
  A gnoll sergeant (D:10)
  A wyvern skeleton (D:11)
  4 scorpions
  17 killer bees
  10 wights
  2 howler monkeys (D:13)
  6 electric eels
  2 bullfrog zombies
  A wyvern simulacrum (Gauntlet)
  4 quasits (D:11)
  3 jellies
  6 orc priests
  8 hounds
  10 orc wizards
  3 centaur skeletons
  Jessica (D:3)
  Terence (D:3)
  Natasha (thrice) (D:1)
  13 hell rats (Lair:3)
  2 worker ants
  A bullfrog simulacrum (Gauntlet)
  3 centaur simulacra (Gauntlet)
  A hound zombie (D:11)
  A hound skeleton (D:6)
  A howler monkey zombie (D:9)
  A worker ant zombie (D:10)
  18 gnolls
  17 adders
  2 river rats
  7 white imps
  4 ufetubi
  2 oozes
  2 adder zombies (D:9)
  An adder skeleton (D:7)
  5 worms
  A dart slug (D:2)
  9 leopard geckos
  42 orcs
  A ball python (D:4)
  8 bats
  12 giant cockroaches
  14 goblins
  9 hobgoblins
  10 jackals
  20 kobolds
  A quokka (D:3)
  9 frilled lizards
  A quokka skeleton (D:6)
  7 rats
551 creatures vanquished.

Vanquished Creatures (collateral kills)
  A boulder beetle (D:13)
1 creature vanquished.

Vanquished Creatures (others)
  13 demonic plants (Gauntlet)
  28 fungi
  31 plants
  14 withered plants (Gauntlet)
86 creatures vanquished.

Grand Total: 638 creatures vanquished

Notes
Turn   | Place    | Note
-------+----------+-------------------------------------------
     0 | D:1      | Zeld the Gargoyle Earth Elementalist began the quest for
                  | the Orb.
     0 | D:1      | Reached XP level 1. HP: 10/10 MP: 3/3
   180 | D:1      | Reached XP level 2. HP: 12/15 MP: 0/5
   220 | D:1      | Learned a level 2 spell: Passwall
   406 | D:1      | Reached skill level 1 in Transmutations
   406 | D:1      | Reached skill level 4 in Earth Magic
   668 | D:1      | Reached XP level 3. HP: 20/20 MP: 4/6
   672 | D:1      | Learned a level 3 spell: Stone Arrow
  1232 | D:2      | Noticed Natasha
  1650 | D:2      | Reached skill level 1 in Fighting
  1744 | D:2      | Reached XP level 4. HP: 25/25 MP: 7/7
  1958 | D:2      | Found a basalt altar of Yredelemnul.
  2346 | D:2      | Found a hide-covered altar of Uskayaw.
  3040 | D:1      | Killed Natasha
  3041 | D:1      | Reached XP level 5. HP: 29/29 MP: 5/9
  3504 | D:1      | Noticed Natasha
  3510 | D:1      | Killed Natasha
  3511 | D:1      | Reached skill level 1 in Shields
  3511 | D:1      | Reached skill level 1 in Conjurations
  3651 | D:1      | Noticed Natasha
  3660 | D:1      | Killed Natasha
  4204 | D:1      | Learned a level 4 spell: Petrify
  4782 | D:3      | Noticed Terence
  4793 | D:3      | Killed Terence
  4794 | D:3      | Reached skill level 5 in Earth Magic
  4805 | D:3      | Reached XP level 6. HP: 34/34 MP: 10/10
  4843 | D:3      | Noticed Sigmund
  6077 | D:3      | Killed Sigmund
  6078 | D:3      | Reached XP level 7. HP: 32/40 MP: 1/12
  6199 | D:3      | Noticed Jessica
  6202 | D:3      | Killed Jessica
  7070 | D:4      | Found a runed translucent door.
  7139 | D:4      | Found a runed translucent door.
  7527 | D:4      | Got a bloodstained trident
  7528 | D:4      | Identified the +4 trident of Frustration {antimagic, Int+5}
                  | (You found it on level 4 of the Dungeon)
  7619 | D:4      | Noticed bronco's ghost (amateur DrTm)
  7663 | D:4      | Found Heusob's Serpentskin Sales.
  7765 | D:4      | Reached skill level 6 in Earth Magic
  8101 | D:5      | Entered Level 5 of the Dungeon
  8342 | D:5      | Found a glowing silver altar of Zin.
  8469 | D:5      | Noticed Blork the orc
  8482 | D:5      | Killed Blork the orc
  8595 | D:5      | Reached XP level 8. HP: 40/45 MP: 1/14
  8601 | D:5      | Learned a level 5 spell: Lee's Rapid Deconstruction
  9165 | D:6      | Noticed Grinder
  9176 | D:6      | Paralysed by Grinder for 5 turns
  9309 | D:6      | Found a staircase to the Ecumenical Temple.
  9314 | Temple   | Entered the Ecumenical Temple
  9330 | Temple   | Became a worshipper of Sif Muna the Loreminder
  9501 | D:6      | Found a transporter.
  9551 | D:6      | Noticed Ekaitz's ghost (novice MfIE)
  9619 | D:6      | Found a transporter.
  9657 | D:6      | Killed Grinder
  9843 | D:6      | Found a burning altar of Makhleb.
 10414 | D:7      | Noticed Maggie
 10437 | D:6      | Reached skill level 7 in Earth Magic
 11642 | D:7      | Reached XP level 9. HP: 51/51 MP: 1/16
 11719 | D:7      | Reached skill level 5 in Spellcasting
 12520 | D:7      | Killed Maggie
 12603 | D:7      | Found an ancient bone altar of Kikubaaqudgha.
 12645 | D:7      | Found a sacrificial altar of Ru.
 12762 | D:7      | Reached skill level 5 in Stealth
 12803 | D:7      | Reached * piety under Sif Muna
 13055 | D:7      | Reached skill level 8 in Earth Magic
 13445 | D:7      | Reached skill level 5 in Dodging
 14263 | D:8      | Found a transporter.
 14556 | D:8      | Noticed an oklob plant
 14564 | D:8      | Found a transporter.
 14579 | D:8      | Noticed a hornet
 14584 | D:8      | Killed a hornet
 14585 | D:8      | Reached XP level 10. HP: 57/58 MP: 5/19
 14712 | D:8      | Noticed bnorton916's ghost (novice DECj)
 15155 | D:4      | Killed bronco's ghost
 16566 | D:9      | Reached skill level 9 in Earth Magic
 16606 | D:9      | Reached skill level 5 in Fighting
 16629 | D:9      | Reached ** piety under Sif Muna
 17060 | D:9      | Found a staircase to the Lair.
 17479 | D:9      | Reached skill level 5 in Conjurations
 18236 | D:9      | Noticed a kobold demonologist
 18242 | D:9      | Noticed a rust devil
 18479 | D:9      | Reached XP level 11. HP: 62/64 MP: 12/21
 18733 | D:9      | Reached skill level 10 in Earth Magic
 18978 | D:9      | Noticed Pikel
 18994 | D:9      | Killed Pikel
 19512 | D:9      | Reached *** piety under Sif Muna
 19957 | D:10     | Entered Level 10 of the Dungeon
 20060 | D:10     | Found a staircase to the Orcish Mines.
 20346 | D:10     | Identified the +9 halberd "Umiss" {antimagic, Str+2}
 20503 | D:10     | Noticed a two-headed ogre
 20508 | D:10     | Killed a two-headed ogre
 20700 | D:10     | Noticed a green ugly thing
 21600 | D:10     | Killed an unseen horror
 21909 | D:10     | Found a white marble altar of Elyvilon.
 23098 | D:11     | Noticed a four-headed hydra
 23101 | D:11     | Reached **** piety under Sif Muna
 23295 | D:11     | Noticed a manticore
 23761 | D:9      | Reached skill level 11 in Earth Magic
 23931 | D:10     | Killed a manticore
 24422 | D:11     | Reached XP level 12. HP: 71/71 MP: 14/24
 24575 | D:11     | Noticed a two-headed ogre
 24577 | D:11     | Found a transporter.
 24582 | D:11     | Killed a two-headed ogre
 24682 | D:11     | Noticed doggie's ghost (journeyman GnWn)
 25065 | D:11     | Killed a four-headed hydra
 25213 | D:11     | Found a transporter.
 25624 | D:12     | Found a gate leading to a gauntlet.
 25637 | Gauntlet | Entered a Gauntlet
 25637 | Gauntlet | Found a transporter.
 25637 | Gauntlet | Found a transporter.
 25704 | Gauntlet | Found a transporter.
 25730 | Gauntlet | Found a transporter.
 26101 | Gauntlet | Found a transporter.
 26110 | Gauntlet | Found a transporter.
 26422 | Gauntlet | Found a transporter.
 26524 | Gauntlet | Found a transporter.
 26695 | Gauntlet | Found the +1 cloak of Starlight {*Dazzle EV+4 Stlth--}
 26695 | Gauntlet | Found a transporter.
 26994 | Gauntlet | Noticed a death yak
 26994 | Gauntlet | Noticed a death yak
 26995 | Gauntlet | Found the +3 crown of Dyrovepreva {rElec Int+2 SInv}
 26996 | Gauntlet | Noticed a minotaur
 27361 | D:12     | Reached skill level 12 in Earth Magic
 27914 | D:12     | Found a glowing golden altar of the Shining One.
 28641 | D:12     | Reached ***** piety under Sif Muna
 29041 | D:13     | Noticed Frances
 29287 | D:12     | Noticed a soul eater
 29287 | D:12     | Killed Frances
 29288 | D:12     | Reached XP level 13. HP: 21/78 MP: 6/26
 33929 | D:14     | Noticed Louise
 35152 | D:13     | Reached skill level 1 in Invocations
 35761 | D:14     | Reached skill level 10 in Spellcasting
 36390 | D:13     | Reached skill level 13 in Earth Magic
 36722 | D:14     | Found a gate to the Vaults.
 36818 | D:14     | Identified Roxanne's Compendium of Transmutation
 36818 | D:14     | Noticed Roxanne
 36826 | D:14     | Killed Roxanne
 37677 | D:11     | Killed doggie's ghost
 38463 | D:11     | Gained mutation: Your magical capacity is low. (-10% MP) [a
                  | neqoxec]
 38985 | Lair:1   | Entered Level 1 of the Lair of Beasts
 39077 | Lair:1   | Found a dark tunnel.
 39199 | Volcano  | Entered a volcano
 39297 | Volcano  | Noticed a red draconian
 39385 | Volcano  | HP: 2/79 [two-headed ogre/+0 giant club of flaming (5)]
 40550 | Lair:1   | Gained mutation: Your large and strong wings let you fly
                  | indefinitely. [Gargoyle growth]
 40550 | Lair:1   | Reached XP level 14. HP: 84/84 MP: 12/25
 41213 | Lair:1   | Identified a scroll of acquirement
 41231 | Lair:1   | Acquired an uncursed staff of earth
 42828 | Lair:2   | Identified Duazen's Compendium of Glacial Hexes (Sif Muna
                  | gifted it to you on level 2 of the Lair of Beasts)
 42828 | Lair:2   | Received a gift from Sif Muna
 45587 | Lair:3   | You fall into a shaft and drop 1 floor!
 45745 | Lair:4   | Found a staircase to the Snake Pit.
 46039 | Lair:4   | Reached skill level 5 in Invocations
 46152 | Lair:4   | Got a shimmering ring mail
 46163 | Lair:4   | Identified the +1 ring mail "Waujaqy" {rElec Str+5 SInv}
                  | (You found it on level 4 of the Lair of Beasts)
 46849 | Lair:3   | Reached skill level 10 in Stealth
 47100 | Lair:3   | Found a staircase to the Swamp.
 47921 | Lair:4   | Found a runed translucent gate.
 47921 | Lair:4   | Found a runed translucent gate.
 47921 | Lair:4   | Found a runed translucent gate.
 47922 | Lair:4   | Noticed Sopht's ghost (journeyman TeBe)
 48201 | Lair:4   | Killed Sopht's ghost
 48202 | Lair:4   | Reached skill level 10 in Dodging
 48383 | Snake:1  | Entered Level 1 of the Snake Pit
 48393 | Snake:1  | Slain by an anaconda

Illustrated notes

Levels and vault maps discovered:
D:1:      dpeg_arrival_ternary, layout_basic, minmay_heptomino_o4
D:2:      layout_rooms, eat_drink_and_be_merry_uskayaw,
          overflow_temple_1_default, minmay_misc_feat_rows,
          minmay_misc_feat_roman, uniq_natasha
D:3:      minmay_angry_zag, layout_loops_ring, gup_sewer_entry_bubbles,
          uniq_terence, uniq_sigmund, uniq_jessica
D:4:      layout_cave_pods, ebering_ghost_sewer_f, guppyfry_shop_venom
D:5:      layout_gridville, old_standard_altar, uniq_blork_the_orc
D:6:      layout_cave_pools, kennysheep_little_box, temple_fountains,
          gammafunk_ghost_stat_death, minmay_misc_feat_alley, uniq_grinder
D:7:      layout_loops_ring, lemuel_crystal_altar, overflow_temple_1_default,
          kennysheep_path_1, uniq_maggie
D:8:      layout_loops_ring, serial_rivers, chequers_serial_rivers_marsh,
          chequers_serial_rivers_micro_e, chequers_serial_rivers_micro_b,
          chequers_serial_rivers_room_b, chequers_serial_rivers_small_a,
          nzn_ghost_randoct
D:9:      layout_roguey, erik_lair_island, special_room [special_room_kobold],
          grunt_decor_cap, minmay_misc_feat_enclosed,
          mumra_transporter_accident, uniq_pikel
D:10:     layout_roguey, david_orc_2, elyvilon_altar_1
D:11:     layout_loops_ring, gammafunk_ghost_stat_death
D:12:     layout_loops_ring, gauntlet_entry_generic, serial_bayou_pond_c,
          tso_altar
D:13:     minmay_skewed_foursquare, layout_loops_ring, uniq_frances
D:14:     layout_rooms, erik_vaults_1, uniq_roxanne, uniq_louise
Temple:   eino_temple_scatter_basement
Lair:1:   layout_regular_city, nicolae_volcano_entry_two_sided,
          infiniplex_staircase_pool
Lair:2:   layout_cave_pods, grunt_forest_large_clearings, grunt_megastairs_5
Lair:3:   layout_small_grid, nicolae_swamp_entry_splash_gauntlet,
          minmay_hedge_maze
Lair:4:   layout_loops_ring, dummy_snake_entry, ebering_ghost_rock_garden
Snake:1:  layout_rooms

Skill      XL: |  1  2  3  4  5  6  7  8  9 10 11 12 13 14 |
---------------+-------------------------------------------+-----
Transmutations | 1 |  1.0
Earth Magic    | 4 5 6 7 8 9 11 12 13 | 13.9
Fighting       | 1 2 3 4 5 6 7 8 |  8.9
Dodging        | 2 3 4 5 6 7 8 9 10 | 10.0
Shields        | 1 2 3 4 |  4.0
Conjurations   | 1 2 3 4 5 6 7 8 |  8.9
Spellcasting   | 3 4 6 7 8 9 10 | 10.8
Stealth        | 3 4 5 6 7 8 9 10 | 10.1
Invocations    | 3 5 |  5.3

Action                   |  1- 3 |  4- 6 |  7- 9 | 10-12 | 13-15 || total
-------------------------+-------+-------+-------+-------+-------++-------
Melee: Unarmed           |    14 |       |       |       |       ||    14
       Whip              |    26 |   190 |     3 |       |       ||   219
       Dagger            |       |       |    63 |   313 |   149 ||   525
       Staff             |       |       |       |       |   115 ||   115
 Cast: Sandblast         |    55 |    46 |    60 |    40 |    17 ||   218
       Passwall          |     2 |       |       |       |     5 ||     7
       Stone Arrow       |       |       |   124 |   363 |   403 ||   890
       Lee's Rapid Decon |       |       |     3 |    61 |    35 ||    99
       Petrify           |       |       |       |       |     2 ||     2
Invok: Channel Magic     |       |       |       |       |     1 ||     1
Evoke: Wand              |       |       |       |    12 |    16 ||    28
  Use: Scroll            |       |     6 |    16 |    10 |    22 ||    54
       Potion            |       |       |       |     8 |     2 ||    10
 Stab: Sleeping          |     2 |     4 |       |       |       ||     6
Armor: Robe              |    26 |    55 |    35 |   168 |   188 ||   472
       Scale mail        |       |       |       |       |    44 ||    44
       Ring mail         |       |       |       |       |    35 ||    35
Dodge: Dodged            |    56 |   120 |    83 |   280 |   513 ||  1052
       Repelled          |       |       |       |     4 |     8 ||    12
Block: Buckler           |     5 |    35 |    25 |    89 |   144 ||   298
